cohdb
Replays
Latest Replays
All Replays
Popular Replays
Top Player Replays
Match Explorer
How It Works
Community
CoH3 Stats
Reddit
Sign in to upload your games and track your stats! →
Sign in with Steam
Countering Pioneer Spam
Match 29993287
Overview
Messages
Build Orders
End
Construct Barracks
Selects Advanced Infantry Battlegroup
Riflemen Squad
Riflemen Squad
Riflemen Squad
Riflemen Squad
Infantry Support Center
Construct Motor Pool
Engineer Squad
M8 Greyhound Armored Car
Construct Medical Station
M1918 Browning Automatic Rifles
Selects Ammunition Storage
M1 Anti-tank Gun Team
Riflemen Squad
Construct Tank Depot
Selects M2A1 105mm Howitzer Emplacement
Selects Free Fire Drills
Riflemen Squad
M4A1 Sherman Medium Tank
Engineer Squad
Selects Convert to Ranger Squad
Selects Designate Assault Position
M4A1 Sherman Medium Tank
Selects Infantry Assault
Infantry Assault
M4A1 Sherman Medium Tank
Infantry Assault
Infantry Assault
MasterStef
Pandemic
0
0
Comments
sign in to comment!
No comments posted yet!